AoeStats
← leventcevahir09

Arena

509695125Analyzed
1v1 RM · 5d ago on Sep 27, 2026· 34m 51s· 2 players
Game mode
Random Map
Map size
Tiny (2 player)
Population
200
Speed
Normal
Resources
Standard
Victory
Conquest
Starting age
Dark Age
Ending age
Imperial Age
RankedLock teamsTeams togetherTeam positionsShared explorationLock speedFull tech treeHidden civsTurbo modeCheats
Victory
Defeat
🇹🇷 Huns · Türkiye
723
+16
🇦🇷 Turks · Argentina
729
-16
leventcevahir09
11:21 Feudal Age
15:54 Castle Age
14:12 Double-Bit Axe
14:10 Horse Collar
14:44 Stone Mining
17:58 Bow Saw
17:51 Heavy Plow
24:02 Gold Mining
25:14 Wheelbarrow
24:25 Town Watch
30:41 Imperial Age
28:45 Husbandry
28:56 Bloodlines
28:57 Scale Barding Armor
29:03 Forging
29:36 Marauders
33:34 Hand Cart
33:05 Loom
33:21 Town Patrol
35:03 Iron Casting
34:49 Chain Barding Armor
Easymoneysniper
11:32 Feudal Age
13:02 Loom
15:39 Castle Age
14:32 Horse Collar
15:16 Double-Bit Axe
26:39 Bow Saw
28:33 Padded Archer Armor
28:40 Heavy Plow
28:44 Gold Mining
28:46 Stone Mining
30:06 Sipahi
34:57 Imperial Age
33:46 Wheelbarrow
34:16 Fletching
Connection lost

Rejoining the realm…

Still unreachable

The connection could not be restored.

Session expired

The server has moved on; the page needs a fresh start.